Map: Oxide LE

Players

Kush

  • Race: Zerg Zerg
  • League: Platinum

goldenhands - Winner!

  • Race: Protoss Protoss
  • League: Gold

VOD

Have the link to the VOD?

Description

Time

  • Played on: June 29, 2021, 1:07 a.m.
  • Length: 3:24
Show
View Real Time Build Order
Export as new Build Order

Kush Zerg 

Build Orders: Pool Only 

Get SALT Encoding   

  12  0:03  Drone  
  13  0:22  Spawning Pool  
  13  0:26  Drone  
  13  0:31  Drone  
  14  0:47  Overlord  
  14  1:06  Extractor  
  13  1:14  Zergling x2  
  13  1:15  Zergling x4  
  16  1:20  Queen  
  18  1:28  Extractor  
  18  1:31  Drone  
  18  1:58  Zergling x2  
  18  1:59  Zergling x2  
  20  2:22  Zergling x4  
  22  2:27  Overlord  
  22  2:57  Zergling x6  
Show
View Real Time Build Order
Export as new Build Order

goldenhands Protoss - Winner!

Build Orders:  

Get SALT Encoding   

  12  0:00  Probe  
  13  0:16  Pylon  
  13  0:19  Probe (Chrono Boost)  
  14  0:31  Probe (Chrono Boost)  
  15  0:36  Probe (Chrono Boost)  
  15  0:39  Forge  
  16  0:47  Probe  
  17  1:16  Pylon  
  17  1:17  Probe  
  18  1:30  Probe  
  19  1:41  Photon Cannon  
  19  1:42  Probe  
  19  1:47  Gateway  
  20  1:49  Photon Cannon  
  20  1:55  Pylon  
  20  1:57  Probe  
  20  1:59  Assimilator  
  21  2:05  Assimilator  
  20  2:18  Pylon  
  20  2:26  Photon Cannon  
  20  2:27  Probe  
  21  2:41  Cybernetics Core  
  21  2:47  Cybernetics Core  
  21  2:54  Probe (Chrono Boost)  
  22  3:05  Probe (Chrono Boost)  
  23  3:07  Photon Cannon  
  23  3:09  Probe (Chrono Boost)  
  24  3:12  Photon Cannon  
Tags
 
Add a new tag
Caveats
  • Supply blocks, unpowered buildings, or Contaminate may cause inaccurate times.
  • Supply counts are checked every 10 seconds.